 Dungeon Crawl Stone Soup version 0.31-a0-691-g409c26aa35 (webtiles) character file.

Game seed: 10392955622667170682

116 LeprechaunX the Changeling (level 5, -1/34 HPs)
             Began as an Octopode Shapeshifter on Sept 7, 2023.
             Slain by an orc wizard
             ... wielding a +0 dagger
              (5 damage)
             ... on level 4 of the Dungeon.
             The game lasted 00:02:11 (2258 turns).

LeprechaunX the Changeling (Octopode Shapeshifter)  Turns: 2258, Time: 00:02:11

Health: -1/34      AC:  1    Str: 22    XL:     5   Next: 0%
Magic:  5/5        EV: 13    Int: 12    God:
Gold:   157        SH:  0    Dex: 11    Spells: 4/4 levels left

rFire   . .          .
                       - Unarmed
rCold   + . .        (no shield)
rNeg    . . .        (helmet currently unavailable)
rPois   .            (no amulet)
rElec   .            f - +6 ring of strength
rCorr   .            j - ring of protection from cold
SInv    .            (no ring)
Will    .....        (no ring)
Stlth   ++           (no ring)
HPRegen 0.25/turn    (no ring)
MPRegen 0.09/turn    (no ring)
                     (no ring)

%: no passive effects
@: beast-form
A: beast (slay +2), almost no armour, amphibious, 8 rings, camouflage 1,
gelatinous body 1, (nimble swimmer 1), tentacles
a: Begin Untransformation


You were on level 4 of the Dungeon.
You were a hulking beast.
You visited 1 branch of the dungeon, and saw 4 of its levels.

You collected 157 gold pieces.

Inventory:

Jewellery
 f - a +6 ring of strength (left tentacle)
 h - a ring of ice
 j - a ring of protection from cold (right tentacle)
Talismans
 b - a beast talisman (active)
 c - a flux talisman
Scrolls
 e - 5 scrolls of identify {unknown}
 g - a scroll of vulnerability {unknown}
 m - a scroll of immolation {unknown}
 o - a scroll of teleportation {unknown}
 q - a scroll of fog {unknown}
 r - a scroll of blinking {unknown}
Potions
 a - 3 potions of lignification
 d - 4 potions of curing {unknown}
 i - 3 potions of heal wounds {unknown}
 k - 3 potions of enlightenment {unknown}
 l - a potion of ambrosia {unknown}
 n - 2 potions of brilliance {unknown}
 p - a potion of might {unknown}


   Skills:
 + Level 2.1 Fighting
 + Level 2.7 Dodging
 + Level 3.5 Unarmed Combat
 * Level 4.0 Shapeshifting


You had 4 spell levels left.
You didn't know any spells.
Your spell library contained the following spells:

 Spells                   Type           Power      Damage    Failure   Level
 Sublimation of Blood     Necr           0%         N/A       45%         2
 Gell's Gravitas          Tloc           0%         N/A       69%         3
 Teleport Other           Tloc           0%         N/A       69%         3
 Petrify                  Tmut/Erth      0%         N/A       97%         4
 Irradiate                Conj/Tmut      0%         3d11      100%        5
 Dispersal                Tloc           0%         N/A       100%        6
 Chain Lightning          Conj/Air       0%         N/A       100%        9
 Fire Storm               Conj/Fire      0%         5d1       100%        9
 Shatter                  Erth           0%         3d5*      100%        9


Dungeon Overview and Level Annotations

Branches:
Dungeon (4/15)
 Temple: D:4-7

Altars:

Annotations:
D:4 1 runed translucent door, Shayle's ghost, novice OgSh


Innate Abilities, Weirdness & Mutations

You are a hulking beast.
Your limbs bulge with bestial killing power. (Slay +2)
You cannot wear most types of armour.
You are amphibious.
You can wear up to eight rings at the same time.
Your skin changes colour to match your surroundings (Stealth+).
Your rubbery body absorbs attacks. (AC +1, EV +1)
((You are camouflaged when in or above water. (Stealth+)))
You have tentacles for arms and can constrict up to eight enemies at once.


Message History

The orc wizard gestures wildly while chanting.
The orc wizard flickers and vanishes!
Deactivating autopickup; reactivate with Ctrl-A.
You tentacle-slap the orc. You grab the orc.
The orc is severely wounded.
You constrict the orc.
You kill the orc!
You tentacle-slap the orc. You grab the orc.
The orc is lightly wounded.
You constrict the orc. The orc hits you with a +0 hand axe.
You bludgeon the orc!
You kill the orc!
Something hits you.
You have reached level 5!
You feel stronger. Something hits you.
Things that are here:
a +0 hand axe; an orc corpse You hear some strange, mumbled words.
You are confused.
Something hits you.
You miss something. Something hits you.
You bump into the rock wall.
Something hits you.
You bump into the rock wall.
Something hits you.
* * * LOW HITPOINT WARNING * * *
You closely miss something.
You hear some strange, mumbled words.
Something tries to affect you, but you resist.
You completely miss something. Something hits you.
* * * LOW HITPOINT WARNING * * *
You bump into the rock wall.
You feel less confused. Something hits you.
* * * LOW HITPOINT WARNING * * *
You barely miss something. Your squeeze misses something. Something hits you.
* * * LOW HITPOINT WARNING * * *
You miss something. Your squeeze misses something.
Something hits you but does no damage.
You miss something. Something hits you.
You die...

.....#.# ### .#
#.##.#.# ##.##.# #
#.##.#.#
####.....#.###
#.##.#.###............
#.##.#.....#.....##.#
#..............)....#
####.######....)..##
#.# #.##..){#.# #.# ##
##.#h.# #.. ###.## ###
..# .#.# ##.#. # #


There were no monsters in sight!

Vanquished Creatures
  An iguana (D:4)
  2 adders (D:2)
  A worm (D:3)
  A dart slug (D:1)
  3 orcs (D:4)
  3 ball pythons
  5 bats
  10 endoplasms
  4 giant cockroaches
  5 goblins
  5 hobgoblins
  6 kobolds
  2 quokkas
  2 frilled lizards (D:2)
  8 rats
58 creatures vanquished.

Notes
Turn   | Place    | Note
-------+----------+-------------------------------------------
     0 | D:1      | LeprechaunX the Octopode Shapeshifter began the quest for
                  | the Orb.
     0 | D:1      | Reached XP level 1. HP: 13/13 MP: 1/1
   108 | D:1      | Reached XP level 2. HP: 12/18 MP: 2/2
   712 | D:2      | Reached XP level 3. HP: 23/23 MP: 3/3
   842 | D:2      | Found a faded altar of an unknown god.
  1032 | D:2      | Reached XP level 4. HP: 28/29 MP: 4/4
  2031 | D:4      | Found a runed translucent door.
  2137 | D:4      | Reached skill level 4 in Shapeshifting
  2202 | D:4      | Noticed Shayle's ghost (novice OgSh)
  2246 | D:4      | Reached XP level 5. HP: 19/34 MP: 5/5
  2258 | D:4      | Slain by an orc wizard

Illustrated notes

Levels and vault maps discovered:
D:1:      scummos_arrival_simple_crosswalls, layout_basic
D:2:      layout_basic, ebering_ecumenical_altar_hall
D:3:      layout_basic
D:4:      layout_loops_ring, slow_altar_2, nzn_wu_jian_contemplation,
          ebering_ghost_sewer_d, wad_floor_pattern_1, kennysheep_windowed_goal

Skill      XL: |  1  2  3  4 |
---------------+-------------+-----
Fighting       | 2 |  2.1
Shapeshifting  | 4 |  4.0
Dodging        | |  2.7
Unarmed Combat | |  3.5

Action                     |  1- 3 |  4- 6 || total
---------------------------+-------+-------++-------
  Melee: Unarmed           |    56 |    41 ||    97
         Constrict         |    12 |     8 ||    20
         Tentacles         |     8 |     6 ||    14
         Punch             |     1 |       ||     1
   Stab: Sleeping          |     9 |     7 ||    16
 Armour: Skin              |    17 |    20 ||    37
  Dodge: Dodged            |    32 |     9 ||    41

Table legend: (Time is in decaauts)
 A = Elapsed time spent in this place.
 B = Non-inter-level travel time spent in this place.
 C = Inter-level travel time spent in this place.
 D = Time resting spent in this place.
 E = Time spent auto-exploring this place.
 F = Levels seen in this place.
 G = Mean time per level.
                   A        B        C        D        E       F      G
               +--------+--------+--------+--------+--------+-----+--------+
         Total |   2252 |   2159 |     93 |     53 |   1763 |   4 |  563.0 |
       Dungeon |   2252 |   2159 |     93 |     53 |   1763 |   4 |  563.0 |
               +--------+--------+--------+--------+--------+-----+--------+

Top non-repeatable levels by time:
     D:1: 685 daAuts
     D:2: 647 daAuts
     D:3: 613 daAuts
     D:4: 304 daAuts
